 Dungeon Crawl Stone Soup version 0.29.1-1-gd02db69 (webtiles) character file.

Game seed: 1874799509312135438

345 Timinator the Insei (level 6, -9/48 HPs)
             Began as a Demigod Transmuter on Dec 22, 2022.
             Killed by divine providence
             ... invoked by an orc priest
              (13 damage)
             ... on level 3 of the Dungeon.
             The game lasted 00:11:15 (3113 turns).

Timinator the Insei (Demigod Transmuter)            Turns: 3113, Time: 00:11:15

Health: -9/48      AC:  4    Str: 15    XL:     6   Next: 9%
Magic:  11/12      EV: 13    Int: 15    God:
Gold:   149        SH:  0    Dex: 18    Spells: 6/9 levels left

rFire   . . .      SeeInvis +     - Unarmed
rCold   . . .      Faith    .   (no shield)
rNeg    . . .      Spirit   .   a - +0 robe
rPois   .          Reflect  .   d - +0 helmet
rElec   .          Harm     .   (no cloak)
rCorr   .          Rampage  .   (no gloves)
Will    .....                   i - +0 pair of boots
Stlth   ++........              (no amulet)
HPRegen 0.16/turn               e - ring of see invisible
MPRegen 0.13/turn               (no ring)

@: wereblooded
A: high MP 1, forlorn, divine attributes
a: no special abilities


You were on level 3 of the Dungeon.
You visited 1 branch of the dungeon, and saw 3 of its levels.

You collected 149 gold pieces.

Inventory:

Missiles
 o - 6 javelins
Armour
 a - a +0 robe (worn)
 d - a +0 helmet (worn)
 i - a +0 pair of boots (worn)
 p - a scarf of resistance
Jewellery
 e - a ring of see invisible (left hand)
Wands
 n - a wand of roots (11)
 q - a wand of polymorph (7)
Scrolls
 g - 2 scrolls of identify {unknown}
 j - a scroll of enchant armour {unknown}
 k - a scroll of magic mapping {unknown}
 l - a scroll of silence {unknown}
 m - a scroll of vulnerability {unknown}
Potions
 b - a potion of lignification
 c - a potion of attraction {unknown}
 f - a potion of resistance {unknown}
 h - a potion of haste {unknown}


   Skills:
 * Level 2.0 Fighting
 * Level 2.0 Armour
 * Level 2.8 Dodging
 + Level 4.2 Unarmed Combat
 + Level 2.3 Spellcasting
 * Level 3.0 Transmutations


You had 6 spell levels left.
You knew the following spells:

 Your Spells              Type           Power      Damage    Failure   Level
a - Beastly Appendage     Tmut           20%        N/A       6%          1
b - Wereblood             Tmut           10%        N/A       10%         2

Your spell library contained the following spells:

 Spells                   Type           Power      Damage    Failure   Level
 Static Discharge         Conj/Air       1%         3-4/arc   32%         2
 Spider Form              Tmut/Pois      6%         N/A       34%         3
 Call Canine Familiar     Summ           1%         N/A       54%         3
 Portal Projectile        Hex/Tloc       2%         N/A       54%         3
 Ice Form                 Ice/Tmut       6%         N/A       75%         4
 Dispel Undead            Necr           1%         3d6       91%         4
 Leda's Liquefaction      Hex/Erth       0%         N/A       91%         4
 Sticky Flame             Conj/Fire      1%         2d3       91%         4


Dungeon Overview and Level Annotations

Branches:
Dungeon (3/15)


Innate Abilities, Weirdness & Mutations

You have an increased reservoir of magic. (+10% MP)
You shall have no god before yourself.
Your divine heritage dramatically boosts your attributes as you level up.


Message History

You hit the orc. Your headbutt misses the orc.
The orc is moderately wounded.
The orc priest barely misses you. The orc hits you with a +0 mace!
The orc hits you with a +0 mace.
* * * LOW HITPOINT WARNING * * *
You hit the orc. Your kick misses the orc. You headbutt the orc.
You feel a bit better.
You kill the orc!
The orc hits you with a +0 mace.
* * * LOW HITPOINT WARNING * * *
The orc priest completely misses you.
You hit the orc.
The orc is moderately wounded.
You howl as the wereblood boils in your veins!
The orc hits you but does no damage.
The orc priest hits you with a +1 falchion of protection.
* * * LOW HITPOINT WARNING * * *
You hit the orc. You punch the orc.
You feel a bit better.
You kill the orc!
You hit the orc priest.
The orc priest is moderately wounded.
The orc priest hits you with a +1 falchion of protection!
* * * LOW HITPOINT WARNING * * *
You hit the orc priest but do no damage.
The orc priest is moderately wounded.
The orc priest barely misses you.
You hit the orc priest but do no damage.
You claw the orc priest.
You headbutt the orc priest, but do no damage.
The orc priest is heavily wounded.
The orc priest closely misses you.
You hit the orc priest but do no damage.
You claw the orc priest. Your headbutt misses the orc priest.
The orc priest is severely wounded.
Your horns disappear.
Your talons disappear.
Your +0 helmet unmelds from your body.
Your +0 pair of boots unmelds from your body.
The orc priest invokes the aid of Beogh against you.
Beogh smites you!
You die...

.........~~.......
#..###~~~~~~###..##
... ##~~~~###.....
... .###### ######
... .# # #.# .# #
#o# o# # # #o# .# #
#.##@##.# ########
#...))..#
####.......
###...###
#.......###
#....####.##.##.#
#............##.#
#########.#####.###
#.#####....
###..........
###...######...


You could see an orc priest and an orc.

Vanquished Creatures
  Sigmund (D:3)
  Natasha (thrice) (D:3)
  3 adders
  2 worms
  3 dart slugs
  3 orcs (D:3)
  7 bats
  5 endoplasms
  4 giant cockroaches
  8 goblins
  4 hobgoblins
  7 jackals (D:1)
  7 kobolds
  4 quokkas
  8 ball pythons
  5 frilled lizards
  8 rats
82 creatures vanquished.

Vanquished Creatures (others)
  3 plants (D:1)
3 creatures vanquished.

Grand Total: 85 creatures vanquished

Notes
Turn   | Place    | Note
-------+----------+-------------------------------------------
     0 | D:1      | Timinator the Demigod Transmuter began the quest for the
                  | Orb.
     0 | D:1      | Reached XP level 1. HP: 15/15 MP: 5/5
    53 | D:1      | Reached skill level 1 in Fighting
   145 | D:1      | Reached XP level 2. HP: 23/23 MP: 5/7
   164 | D:1      | Reached skill level 3 in Unarmed Combat
   175 | D:1      | Learned a level 2 spell: Wereblood
   658 | D:1      | Reached XP level 3. HP: 28/28 MP: 6/8
  1248 | D:2      | Reached skill level 1 in Armour
  2314 | D:3      | Reached XP level 4. HP: 35/35 MP: 9/9
  2386 | D:3      | Noticed Sigmund
  2397 | D:3      | Killed Sigmund
  2398 | D:3      | Reached XP level 5. HP: 19/41 MP: 8/11
  2533 | D:3      | Reached skill level 4 in Unarmed Combat
  2541 | D:3      | Noticed Natasha
  2551 | D:3      | Killed Natasha
  2820 | D:3      | Noticed Natasha
  2849 | D:3      | Killed Natasha
  2921 | D:3      | Noticed Natasha
  2930 | D:3      | Killed Natasha
  2931 | D:3      | Reached XP level 6. HP: 31/48 MP: 12/12
  3113 | D:3      | Killed from afar by an orc priest

Illustrated notes

Levels and vault maps discovered:
D:1:      wheals_arrival_shading, layout_basic,
          shapermc_ecumenical_altar_totnotflames, minmay_shallow_snake_nest
D:2:      layout_basic
D:3:      cheibrodos_helix_gallery, layout_loops_cross, kiku_gazebo_pond_becter,
          overflow_temple_1_default, portal_sewer_entry_b, uniq_natasha,
          uniq_terence, uniq_sigmund

Skill      XL: |  1  2  3  4  5 |
---------------+----------------+-----
Fighting       | 1 2 |  2.0
Transmutations | 2 3 |  3.0
Unarmed Combat | 3 4 |  4.2
Dodging        | 2 |  2.8
Spellcasting   | 2 |  2.3
Armour         | 1 2 |  2.0

Action                   |  1- 3 |  4- 6 || total
-------------------------+-------+-------++-------
Melee: Unarmed           |   148 |    73 ||   221
       Headbutt          |    17 |     9 ||    26
       Kick              |    16 |    17 ||    33
       Punch             |     3 |     2 ||     5
 Cast: Beastly Appendage |    22 |     7 ||    29
       Wereblood         |     5 |     3 ||     8
  Use: Potion            |       |     1 ||     1
 Stab: Sleeping          |     5 |       ||     5
Armor: Robe              |    30 |    16 ||    46
       Skin              |       |     2 ||     2
Dodge: Dodged            |    94 |    56 ||   150
